 Dungeon Crawl Stone Soup version 0.29-a0-40-g8eb35efe60 (webtiles) character file.

Game seed: 11734917331770543881

87920 kae the Brawler (level 15, -1/162 HPs)
             Began as a Green Draconian Transmuter on Feb 1, 2022.
             Was the Champion of Ru.
             Slain by a hell knight (11 damage)
             ... on level 15 of the Dungeon.
             The game lasted 00:31:16 (24178 turns).

kae the Brawler (Green Draconian Transmuter)       Turns: 24178, Time: 00:31:16

Health: -1/162     AC: 12    Str: 17    XL:     15   Next: 45%
Magic:  24/27      EV: 18    Int: 16    God:    Ru [******]
Gold:   4883       SH:  0    Dex: 12    Spells: 19/30 levels left

rFire   x . .      SeeInvis .     - Unarmed
rCold   + + +      Faith    .   (shield currently unavailable)
rNeg    . . .      Spirit   .   (armour unavailable)
rPois   +          Reflect  .   (helmet currently unavailable)
rElec   .          Harm     .   (cloak currently unavailable)
rCorr   .          Rampage  .   (gloves currently unavailable)
Will    ++...      Clarity  +   (boots currently unavailable)
Stlth   +.........              a - amulet of regeneration
HPRegen 1.97/turn               v - +4 ring of protection
MPRegen 0.20/turn               f - +4 ring of evasion

@: ice-form, unable to drink, unable to read
A: freezing attack, amphibious, boosted hp, (breathe noxious fumes), AC +9,
large, unfitting armour, (stinger 1), (poison resistance), (cold-blooded),
inability to drink while threatened, inability to read while threatened,
inability to use devices, disrupted magic 1, clarity, strong-willed 1,
regeneration 1
a: End Transformation, Renounce Religion, Draw Out Power, Power Leap, Apocalypse


You were on level 15 of the Dungeon.
You worshipped Ru.
Ru was exalted by your worship.
You were a creature of crystalline ice.
You visited 3 branches of the dungeon, and saw 23 of its levels.
You also visited: Ossuary and Gauntlet.

You collected 4883 gold pieces.

Inventory:

Missiles
 k - 4 throwing nets
Jewellery
 a - an amulet of regeneration (around neck)
 c - a +6 ring of dexterity
 f - a +4 ring of evasion (right front paw)
 h - a ring of positive energy
 o - a ring of fire
 q - the ring of the Jackalope {Fire Int+5}
   (You found it in a Gauntlet)

   [ring of fire]

   It enhances your fire magic.
   Int:       It affects your intelligence (+5).
   rF:        It protects you from fire.
   rC:        It makes you vulnerable to cold.
 v - a +4 ring of protection (left front paw)
 z - a ring of protection from cold
 A - a ring of see invisible
 F - a ring of protection from cold
Scrolls
 d - 4 scrolls of blinking
 e - 4 scrolls of fog
 p - 4 scrolls of teleportation
 s - 2 scrolls of holy word
 t - a scroll of amnesia
 x - 2 scrolls of vulnerability
 y - 2 scrolls of enchant weapon
 B - 7 scrolls of identify
 C - 2 scrolls of enchant armour
 E - 2 scrolls of fear
 G - a scroll of magic mapping
 H - a scroll of silence {unknown}
Potions
 b - 9 potions of attraction
 g - 4 potions of magic
 i - a potion of haste
 j - 4 potions of heal wounds
 l - 3 potions of cancellation
 m - 5 potions of mutation
 n - 2 potions of flight
 r - 4 potions of curing
 u - 4 potions of brilliance
 w - 4 potions of ambrosia
 D - a potion of resistance


   Skills:
 + Level 13.1 Fighting
 + Level 11.2 Dodging
 * Level 16.8 Unarmed Combat
 - Level 8.0 Spellcasting
 - Level 12.0 Transmutations
 - Level 5.0 Ice Magic
 - Level 2.4 Poison Magic


You had 19 spell levels left.
You knew the following spells:

 Your Spells              Type           Power      Damage    Failure   Level
a - Beastly Appendage     Tmut           88%        N/A       1%          1
b - Spider Form           Tmut/Pois      29%        N/A       3%          3
c - Ice Form              Ice/Tmut       33%        N/A       5%          4
d - Confusing Touch       Hex            6%         N/A       41%         3

Your spell library contained the following spells:

 Spells                   Type           Power      Damage    Failure   Level
 Wereblood                Tmut           44%        N/A       1%          2
 Passwall                 Tmut/Erth      20%        N/A       2%          2
 Blade Hands              Tmut           22%        N/A       4%          5
 Ensorcelled Hibernation  Hex/Ice        28%        N/A       10%         2
 Apportation              Tloc           12%        N/A       16%         1
 Slow                     Hex            24%        N/A       16%         1
 Swiftness                Air            6%         N/A       41%         3
 Vampiric Draining        Necr           6%         2d6       41%         3
 Summon Ice Beast         Ice/Summ       14%        N/A       45%         4
 Summon Mana Viper        Hex/Summ       6%         N/A       98%         5
 Iron Shot                Conj/Erth      3%         9d2       100%        6
 Monstrous Menagerie      Summ           3%         N/A       100%        7
 Animate Armour           Summ/Erth      Unusable   N/A       N/A         4

Dungeon Overview and Level Annotations

Branches:
Dungeon (15/15)            Temple (0/1) D:6            Lair (6/6) D:9
  Swamp (0/4) Lair:4        Snake (0/4) Lair:3        Slime (0/5) Lair:5
    Orc (2/2) D:9             Elf (0/3) Orc:2        Vaults (0/5) D:14
Ossuary (visited)         Gauntlet (visited)
 Depths: D:15

Altars:
Elyvilon
Fedhas
Gozag
Kikubaaqudgha
Nemelex Xobeh
Qazlal
Ru
Sif Muna
Vehumet
Wu Jian
Xom
Zin
The Shining One
Beogh

Shops:
D:12 *   D:14 *   Orc:2 (([=

Annotations:
D:10 2 transporters
Lair:3 Rupert


Innate Abilities, Weirdness & Mutations

You are a creature of crystalline ice.
You have a powerful freezing melee attack.
You are amphibious.
Your maximum health is increased.
Your armour is entirely melded.
You are incapable of wielding weapons or throwing items.
((You can breathe blasts of noxious fumes.))
((Your lurid green scales are hard. (AC +9)))
You cannot fit into any form of body armour.
((Your tail ends in a venomous barb.))
((Your system is resistant to poisons. (rPois)))
((You are cold-blooded and may be slowed by cold attacks.))
You sometimes lose the ability to drink potions when taking damage.
You sometimes lose the ability to read scrolls when taking damage.
You cannot study or use magical devices.
Your casting is slightly disrupted.
You possess an exceptional clarity of mind.
You are strong-willed. (Will+)
Your natural rate of healing is unusually fast.


Message History

You are too injured to fight recklessly!
You are too injured to fight recklessly!
Casting: Ice Form (mildly dangerous; 5% risk of failure)
Confirm with . or Enter, or press ? or * to list all spells.
You turn into a creature of crystalline ice.
You can read scrolls again.
The meliai hits you with a +0 war axe.
You focus your inner power and blind the meliai in retribution!
The meliai closely misses you.
The meliai begins to pray, but is stunned by your conviction!
The meliai hits you with a +0 war axe. The meliai completely misses you.
The meliai hits you with a +0 war axe! The meliai completely misses you.
The meliai begins to pray, but is stunned by your conviction!
The hell knight hits you from afar with a +5 vorpal demon trident!
The meliai closely misses you. x2
The meliai begins to pray, but is stunned by your conviction!
You catch the helpless meliai completely off-guard!
You hit the meliai but do no damage. The hell knight closely misses you.
The hell knight hits you from afar with a +5 vorpal demon trident!!
You feel threatened and lose the ability to read scrolls!
* * * LOW HITPOINT WARNING * * *
x2 You strike the helpless meliai from behind!
You squash the meliai like an ant!!!
You freeze the meliai!
You kill the meliai!
The meliai calls down the wrath of its god upon you.
Something smites you!
* * * LOW HITPOINT WARNING * * *
The hell knight hits you from afar with a +5 vorpal demon trident!
* * * LOW HITPOINT WARNING * * *
x2 You redirect the hell knight's attack!
The hell knight is stunned by your conviction and fails to attack.
Items here: )) [[ ††.
Unknown command.
Unknown command.
You barely miss the hell knight.
The meliai mumbles some strange prayers to its god against you.
Something smites you!
* * * LOW HITPOINT WARNING * * *
The hell knight hits you with a +5 vorpal demon trident!
You die...

###### #....# ### #....# ....
###### #....# .....
.....###....######...... ###
................Ypy..... ..#
.....###....######...[.. #.###
.....# #....# ..... #.#.. .....#
#....# ..... #.#.#
#.######....#######..... #.#.#
#...........#........... #.#.#
#...).......#.......# #+####'#..
#...........#.......####....)..##
#................................


You could see a hell knight (fast) and a meliai.

Vanquished Creatures
  Kirke (Lair:5)
  A minotaur (Gauntlet)
  An ettin (D:15)
  2 fire dragons
  Harold (D:9)
  Fannar (D:9)
  4 boulder beetles
  2 catoblepae
  6 hydras
  2 ogre magi
  7 centaur warriors
  2 dancing weapons (D:14)
  9 two-headed ogres
  A death scarab (Gauntlet)
  A wretched star (Gauntlet)
  3 deep trolls
  2 wizards (D:15)
  2 lindwurms (Lair:1)
  A swamp dragon (Lair:6)
  2 orc knights (Orc:2)
  A deep elf pyromancer (D:13)
  17 ugly things
  A wolf spider (Lair:6)
  6 cyclopes
  5 manticores
  Maurice (D:8)
  10 elephants
  11 black mambas
  A guardian serpent (Lair:6)
  A smoke demon (Gauntlet)
  Maggie (D:8)
  Psyche (D:9)
  2 gargoyles
  16 cane toads
  2 unseen horrors
  12 komodo dragons
  2 kobold demonologists
  4 rime drakes
  3 tengu conjurers
  An efreet (D:14)
  9 trolls
  2 meliai (D:15)
  4 hornets
  A spectral dream sheep (Gauntlet)
  5 blink frogs
  38 yaks
  3 shadows
  13 wyverns
  2 vampires
  2 basilisks
  A human (shapeshifter) (D:13)
  2 hogs (Lair:5)
  A neqoxec (Gauntlet)
  5 steam dragons
  6 redbacks (Lair:6)
  6 vampire mosquitoes
  A swamp worm (Lair:4)
  A warg (Orc:2)
  2 nagas (Lair:3)
  3 acid dragons
  23 water moccasins
  2 swamp drakes (Lair:6)
  A sky beast (D:5)
  A hornet zombie (D:6)
  2 ice beasts
  17 orc warriors
  26 ogres
  8 wolves
  12 centaurs
  A phantom (D:6)
  3 kobold brigands
  13 bullfrogs
  A wyvern zombie (D:9)
  3 scorpions
  2 gnoll sergeants
  4 killer bees (D:6)
  5 wights (D:10)
  3 electric eels
  2 howler monkeys (D:7)
  3 crimson imps (Gauntlet)
  A lava snake (Lair:2)
  2 centaur zombies
  8 hounds
  2 jellies
  13 orc priests
  A bullfrog skeleton (D:7)
  A centaur skeleton (D:7)
  4 iguanas
  Ijyb (D:3)
  Terence (D:3)
  12 orc wizards
  A killer bee zombie (D:9)
  8 mummies (Ossuary)
  5 adders
  9 gnolls
  A white imp (D:6)
  3 ufetubi
  An adder skeleton (D:4)
  2 worms
  4 dart slugs
  68 orcs
  7 bats
  5 endoplasms
  3 giant cockroaches
  9 goblins
  6 hobgoblins
  A quokka (D:4)
  6 ball pythons
  5 frilled lizards
  2 gnoll zombies (Ossuary)
  3 hobgoblin zombies (Ossuary)
  27 kobolds
  3 orc zombies (Ossuary)
  4 rats
617 creatures vanquished.

Vanquished Creatures (others)
  3 hydras
  A wolf spider (Lair:6)
  An ugly thing (D:14)
  2 trolls
  A blink frog (Lair:1)
  2 humans (Lair:5)
  A naga (Lair:3)
  An ogre (Orc:1)
  An iguana (Lair:6)
  38 fungi
  77 plants
128 creatures vanquished.

Grand Total: 745 creatures vanquished

Notes
Turn   | Place    | Note
-------+----------+-------------------------------------------
     0 | D:1      | kae the Draconian Transmuter began the quest for the Orb.
     0 | D:1      | Reached XP level 1. HP: 16/16 MP: 3/3
   228 | D:1      | Reached XP level 2. HP: 22/23 MP: 5/5
   979 | D:2      | Found a faded altar of an unknown god.
  1113 | D:2      | Reached XP level 3. HP: 29/29 MP: 4/6
  1175 | D:2      | Learned a level 3 spell: Spider Form
  1753 | D:3      | Found a glowing golden altar of the Shining One.
  1974 | D:3      | Reached XP level 4. HP: 36/36 MP: 4/7
  2053 | D:3      | Noticed Terence
  2063 | D:3      | Killed Terence
  2064 | D:3      | Reached skill level 1 in Poison Magic
  2092 | D:3      | Found an opulent altar of Gozag.
  2092 | D:3      | Found a shimmering altar of Xom.
  2361 | D:3      | Reached XP level 5. HP: 18/41 MP: 5/8
  2490 | D:3      | Found a sacrificial altar of Ru.
  2538 | D:3      | Noticed Ijyb
  2581 | D:3      | Became a worshipper of Ru the Awakened
  2645 | D:3      | Killed Ijyb
  2646 | D:3      | Reached skill level 4 in Unarmed Combat
  2765 | D:3      | Learned a level 4 spell: Ice Form
  2945 | D:4      | Reached XP level 6. HP: 50/50 MP: 5/9
  3157 | D:4      | Reached skill level 1 in Ice Magic
  3169 | D:4      | You fall into a shaft and drop 1 floor!
  3169 | D:5      | Entered Level 5 of the Dungeon
  3444 | D:4      | Your scales start taking on a lurid green colour.
  3444 | D:4      | Reached XP level 7. HP: 51/56 MP: 11/11
  3444 | D:4      | Gained mutation: Your system is resistant to poisons.
                  | (rPois) [Green Draconian growth]
  3531 | D:4      | Found a sparkling altar of Nemelex Xobeh.
  3743 | D:4      | Gained mutation: You sometimes lose the ability to drink
                  | potions when taking damage. [Ru sacrifice]
  3743 | D:4      | Reached * piety under Ru
  4255 | D:5      | Reached skill level 5 in Unarmed Combat
  4492 | D:5      | Found a shimmering blue altar of Sif Muna.
  4493 | D:5      | Found an ancient bone altar of Kikubaaqudgha.
  4494 | D:5      | Found a radiant altar of Vehumet.
  4499 | D:5      | Got Sif Muna's Reference Book on Displacement
  4809 | D:6      | Reached XP level 8. HP: 63/63 MP: 9/12
  4895 | D:6      | Reached skill level 5 in Transmutations
  5281 | D:6      | Found a staircase to the Ecumenical Temple.
  5443 | D:6      | Reached skill level 6 in Unarmed Combat
  5975 | D:6      | Reached XP level 9. HP: 62/72 MP: 10/14
  6258 | D:7      | Reached skill level 5 in Ice Magic
  6719 | D:7      | Reached skill level 5 in Fighting
  6719 | D:7      | Reached skill level 7 in Unarmed Combat
  6835 | D:8      | Noticed Maggie
  6835 | D:8      | Noticed a two-headed ogre
  6835 | D:8      | Noticed a six-headed hydra
  7024 | D:8      | Killed Maggie
  7027 | D:8      | Gained mutation: You sometimes lose the ability to read
                  | scrolls when taking damage. [Ru sacrifice]
  7027 | D:8      | Reached ** piety under Ru
  7027 | D:8      | Reached *** piety under Ru
  7064 | D:8      | Found a sand-covered staircase.
  7075 | Ossuary  | Entered an ossuary
  7318 | D:8      | Identified a scroll of acquirement
  7318 | D:8      | Acquired 785 gold pieces
  7355 | D:8      | Killed a two-headed ogre
  7356 | D:8      | Reached XP level 10. HP: 82/82 MP: 13/17
  7364 | D:8      | Killed a six-headed hydra
  7405 | D:8      | Noticed Maurice
  7429 | D:8      | Killed Maurice
  7430 | D:8      | Reached skill level 5 in Dodging
  7430 | D:8      | Reached skill level 8 in Unarmed Combat
  7430 | D:8      | Reached skill level 5 in Spellcasting
  7532 | D:8      | Found the +4 skin of Zhor {*Englaciate rC+++ SInv}
  7925 | D:9      | Found a glowing silver altar of Zin.
  7930 | D:9      | Found an ornate altar of the Wu Jian Council.
  7934 | D:9      | Found a staircase to the Orcish Mines.
  7988 | D:9      | Reached skill level 9 in Unarmed Combat
  8104 | D:9      | Reached XP level 11. HP: 91/91 MP: 19/19
  8192 | D:9      | Found a staircase to the Lair.
  8318 | D:9      | Noticed Psyche
  8328 | D:9      | Killed Psyche
  8677 | D:10     | Entered Level 10 of the Dungeon
  9029 | D:10     | Found a blossoming altar of Fedhas.
  9030 | D:10     | Found a white marble altar of Elyvilon.
  9030 | D:10     | Noticed a frost giant
  9031 | D:10     | Found a stormy altar of Qazlal.
  9031 | D:10     | Found a transporter.
  9048 | D:10     | Found a transporter.
  9104 | D:10     | Gained mutation: You cannot study or use magical devices.
                  | [Ru sacrifice]
  9104 | D:10     | Reached **** piety under Ru
  9104 | D:10     | Reached ***** piety under Ru
  9355 | D:10     | Acquired 814 gold pieces
  9420 | D:11     | Noticed a catoblepas
  9431 | D:11     | Noticed a boulder beetle
  9436 | D:11     | Killed a catoblepas
  9437 | D:11     | Reached skill level 10 in Unarmed Combat
  9502 | D:11     | Found a gate leading to a gauntlet.
  9510 | D:11     | Reached skill level 10 in Transmutations
  9558 | Gauntlet | Entered a Gauntlet
  9558 | Gauntlet | Noticed a catoblepas
  9558 | Gauntlet | Found a transporter.
  9558 | Gauntlet | Found a transporter.
  9558 | Gauntlet | Found a transporter.
  9558 | Gauntlet | Found a transporter.
  9591 | Gauntlet | Found a transporter.
  9591 | Gauntlet | Found a transporter.
  9593 | Gauntlet | Found a large runed translucent door.
  9594 | Gauntlet | Found a large runed translucent door.
  9595 | Gauntlet | Found a large runed translucent door.
  9595 | Gauntlet | Found a large runed translucent door.
  9595 | Gauntlet | Found a runed translucent door.
  9596 | Gauntlet | Found a large runed translucent door.
  9597 | Gauntlet | Found a large runed translucent door.
  9598 | Gauntlet | Found a large runed translucent door.
  9598 | Gauntlet | Found a large runed translucent door.
  9599 | Gauntlet | Found a runed translucent gate.
  9605 | Gauntlet | Found a transporter.
  9607 | Gauntlet | Found a transporter.
  9612 | Gauntlet | Noticed a death drake
  9614 | Gauntlet | Noticed a wretched star
  9615 | Gauntlet | Found a transporter.
  9621 | Gauntlet | Found a transporter.
  9639 | Gauntlet | Found a transporter.
  9643 | Gauntlet | Found a transporter.
  9644 | Gauntlet | Noticed a death scarab
  9645 | Gauntlet | Found a runed translucent gate.
  9645 | Gauntlet | Found a runed translucent gate.
  9646 | Gauntlet | Found a large runed translucent door.
  9646 | Gauntlet | Found a large runed translucent door.
  9647 | Gauntlet | Found a large runed translucent door.
  9648 | Gauntlet | Found a large runed translucent door.
  9649 | Gauntlet | Found a large runed translucent door.
  9649 | Gauntlet | Found a large runed translucent door.
  9649 | Gauntlet | Found a runed translucent door.
  9650 | Gauntlet | Found a large runed translucent door.
  9651 | Gauntlet | Found a large runed translucent door.
  9847 | Gauntlet | Learned a level 3 spell: Confusing Touch
  9864 | Gauntlet | Killed a death scarab
 10021 | Gauntlet | Identified the ring of the Jackalope {Fire Int+5}
 10032 | Gauntlet | Killed a wretched star
 10121 | Gauntlet | Gained mutation: You have a pair of small antennae on your
                  | head. [potion of mutation]
 10121 | Gauntlet | Gained mutation: You have sharp toenails. [potion of
                  | mutation]
 10122 | Gauntlet | Lost mutation: You have sharp toenails. [potion of
                  | mutation]
 10122 | Gauntlet | Lost mutation: You have a pair of small antennae on your
                  | head. [potion of mutation]
 10122 | Gauntlet | Gained mutation: You possess an exceptional clarity of
                  | mind. [potion of mutation]
 10122 | Gauntlet | Gained mutation: You are strong-willed. (Will+) [potion of
                  | mutation]
 10122 | Gauntlet | Gained mutation: Your natural rate of healing is unusually
                  | fast. [potion of mutation]
 10132 | Gauntlet | Noticed a minotaur
 10134 | Gauntlet | Found the +7 lajatang of Order {silver, rMut}
 10145 | Gauntlet | Killed a minotaur
 10377 | D:11     | Killed a boulder beetle
 10378 | D:11     | Reached XP level 12. HP: 51/101 MP: 22/22
 10874 | Lair:1   | Entered Level 1 of the Lair of Beasts
 10874 | Lair:1   | Noticed Fannar
 10874 | Lair:1   | Noticed Harold
 10910 | D:9      | Killed Harold
 10981 | D:9      | Killed Fannar
 11207 | Lair:1   | Reached skill level 11 in Unarmed Combat
 11254 | Lair:1   | Noticed a five-headed hydra
 11261 | Lair:1   | Killed a five-headed hydra
 12025 | Lair:2   | Gained mutation: Your casting is slightly disrupted. [Ru
                  | sacrifice]
 12025 | Lair:2   | Reached ****** piety under Ru
 12241 | Lair:2   | Noticed an eight-headed hydra
 12247 | Lair:2   | Killed an eight-headed hydra
 12891 | Lair:3   | Found a staircase to the Snake Pit.
 13166 | Lair:3   | Reached XP level 13. HP: 111/111 MP: 20/24
 13601 | Lair:3   | Found a staircase to the Snake Pit.
 14290 | Lair:4   | Reached skill level 12 in Unarmed Combat
 14402 | Lair:4   | Noticed Rupert
 15127 | Lair:4   | HP: 5/133 [eight-headed hydra (8)]
 15127 | Lair:4   | HP: 2/133 [eight-headed hydra (3)]
 15450 | Lair:4   | Found a staircase to the Swamp.
 15616 | Lair:5   | Found a staircase to the Slime Pits.
 15751 | Lair:5   | Noticed Kirke
 15767 | Lair:5   | Killed Kirke
 15900 | Lair:5   | Reached skill level 10 in Fighting
 15906 | Lair:5   | Reached skill level 13 in Unarmed Combat
 16447 | Lair:6   | Entered Level 6 of the Lair of Beasts
 17462 | Lair:6   | Reached skill level 14 in Unarmed Combat
 17577 | Lair:6   | Gained mutation: Your tail ends in a venomous barb. [Green
                  | Draconian growth]
 17577 | Lair:6   | Reached XP level 14. HP: 122/122 MP: 23/26
 18752 | D:9      | Found a glowing silver altar of Zin.
 18757 | D:9      | Found an ornate altar of the Wu Jian Council.
 18763 | D:9      | Found a staircase to the Orcish Mines.
 19780 | D:12     | Found Ytaxtal's Neck Hole.
 21051 | Orc:1    | Entered Level 1 of the Orcish Mines
 21442 | Orc:2    | Entered Level 2 of the Orcish Mines
 21494 | Orc:2    | Reached skill level 15 in Unarmed Combat
 21496 | Orc:2    | Reached skill level 10 in Dodging
 21914 | Orc:2    | Found Irasch's Antique Weapon Emporium.
 21914 | Orc:2    | Found Maes's Antique Weapon Shoppe.
 21972 | Orc:2    | Found Uffav's Antique Armour Emporium.
 21973 | Orc:2    | Found Kyt Hiny's Jewellery Boutique.
 21979 | Orc:2    | Found a staircase to the Elven Halls.
 22755 | D:14     | Found a gate to the Vaults.
 22790 | D:14     | Reached skill level 16 in Unarmed Combat
 22796 | D:14     | Reached XP level 15. HP: 128/134 MP: 27/27
 22835 | D:14     | Found the +13 scythe of Curses {drain, Drain}
 23057 | D:14     | Found Asaed's General Store.
 23439 | D:15     | Entered Level 15 of the Dungeon
 23799 | D:15     | HP: 4/162 [hell knight/bolt of fire (19)]
 24178 | D:15     | Slain by a hell knight

Illustrated notes

Levels and vault maps discovered:
D:1:      lemuel_arrival_tunnels, layout_basic
D:2:      layout_basic, chequers_ecumenical_altar_simple,
          kennysheep_generic_room_11
D:3:      wander_river, layout_basic, amcnicky_altar_gilded,
          nicolae_ru_path_of_blood, gammafunk_temple_overflow_wave,
          serial_glass, glass_columns_a, glass_columns_a, glass_columns_b,
          glass_columns_c, glass_columns_a, glass_columns_c, glass_columns_c,
          glass_columns_b, cheibrodos_gnoll_hut, uniq_ijyb, uniq_terence
D:4:      layout_basic, nemelex_spade_bored_becter
D:5:      layout_basic, grunt_temple_overflow_magic_moments
D:6:      layout_basic, minmay_temple_entry_drinking_statues,
          hangedman_abyss_or_decor_passed, serial_bayou_pond_e
D:7:      layout_basic
D:8:      layout_basic, nicolae_ossuary_entry_plus,
          hellmonk_guarded_unrand_zhor, uniq_maurice, uniq_maggie
D:9:      layout_loops_ring, overflow_temple_1_default,
          mainiacjoe_overflow_six_doors_small, erik_lair_island, uniq_psyche
D:10:     layout_cave_pools, gammafunk_temple_overflow_arena
D:11:     layout_loops_ring, gauntlet_entry_generic
D:12:     layout_long_grid, serial_co_window_serial, co_window_paths_a,
          co_window_corner_a, co_window_corner_a, co_window_cross_1,
          co_window_of_opportunity_a, co_window_paths_a,
          co_window_of_opportunity_b, co_window_unsneaky_path_a,
          co_window_2corner, co_window_of_opportunity_b, co_window_sun,
          glass_columns_a, glass_columns_a, glass_columns_c, glass_columns_a,
          nicolae_shop_sticking_my_neck_out
D:13:     layout_cross
D:14:     layout_roguey, erik_vaults_1, kennysheep_small_spiral, serial_shops,
          nicolae_shop_behind_doors, serial_glass, glass_columns_a,
          glass_columns_a, glass_columns_b, glass_columns_b, glass_columns_b,
          glass_columns_c
D:15:     hangedman_depths_entry_civil_slaughter, layout_basic,
          minmay_misc_feat_enclosed
Lair:1:   layout_roguey, nicolae_lair_lindhole, serial_bayou_shore_b,
          uniq_fannar, uniq_harold
Lair:2:   layout_gridlike, grunt_megastairs_3
Lair:3:   layout_loops_ring, guppyfry_snake_entry_garden
Lair:4:   layout_misc_corridors, palyth_hydra_swamp_entry, uniq_rupert
Lair:5:   layout_regular_city, slime_dummy, serial_bayou_shore_b,
          grunt_megastairs_1, uniq_kirke
Lair:6:   hangedman_lair_tendril_chambers, layout_cave_shapes,
          guppyfry_lair_end_dragon, serial_rivers,
          chequers_serial_rivers_micro_b, chequers_serial_rivers_small_3,
          chequers_serial_rivers_large_a, chequers_serial_rivers_room_b
Orc:1:    layout_caves
Orc:2:    st_orc_open, layout_caves, basic_altar, mines2_lemuel

Skill      XL: |  1  2  3  4  5  6  7  8  9 10 11 12 13 14 15 |
---------------+----------------------------------------------+-----
Dodging        | 2 3 4 5 6 7 9 10 11 | 11.2
Fighting       | 2 3 4 5 6 8 9 10 12 13 | 13.1
Poison Magic   | 1 2 |  2.4
Transmutations | 3 4 5 7 8 10 11 12 | 12.0
Unarmed Combat | 4 5 6 7 9 10 11 14 16 | 16.8
Ice Magic      | 1 3 4 5 |  5.0
Spellcasting   | 3 4 5 6 7 8 |  8.0

Action                   |  1- 3 |  4- 6 |  7- 9 | 10-12 | 13-15 || total
-------------------------+-------+-------+-------+-------+-------++-------
Melee: Unarmed           |   133 |   140 |   290 |   514 |   894 ||  1971
       Kick              |    15 |    25 |    10 |       |       ||    50
       Tailslap          |    15 |    14 |    16 |       |     4 ||    49
       Headbutt          |     9 |    19 |     3 |       |       ||    31
       Punch             |     1 |     5 |     3 |       |     3 ||    12
 Cast: Beastly Appendage |    29 |    21 |     6 |       |     3 ||    59
       Spider Form       |     3 |     6 |    12 |       |       ||    21
       Ice Form          |       |       |    18 |    58 |   105 ||   181
       Confusing Touch   |       |       |       |     2 |     1 ||     3
Invok: Sacrifice Drink   |       |       |     1 |       |       ||     1
       Draw Out Power    |       |       |     1 |     2 |     1 ||     4
       Sacrifice Words   |       |       |     1 |       |       ||     1
       Sacrifice Artific |       |       |       |     1 |       ||     1
       Power Leap        |       |       |       |     1 |     3 ||     4
       Sacrifice Essence |       |       |       |     1 |       ||     1
       Apocalypse        |       |       |       |       |     1 ||     1
 Abil: Breathe Noxious F |       |       |       |       |     1 ||     1
Evoke: Wand              |       |       |     4 |       |       ||     4
  Use: Scroll            |     4 |       |    14 |     7 |     7 ||    32
       Potion            |       |     2 |     1 |     3 |     1 ||     7
 Stab: Sleeping          |     1 |       |       |       |       ||     1
       Invisible         |       |       |       |     6 |     9 ||    15
       Distracted        |       |       |       |     2 |     1 ||     3
       Paralysed         |       |       |       |     1 |    21 ||    22
Armor: Skin              |    39 |    28 |    58 |    76 |   186 ||   387
Dodge: Dodged            |    76 |   110 |   228 |   302 |   638 ||  1354

Table legend: (Time is in decaauts)
 A = Elapsed time spent in this place.
 B = Non-inter-level travel time spent in this place.
 C = Inter-level travel time spent in this place.
 D = Time resting spent in this place.
 E = Time spent auto-exploring this place.
 F = Levels seen in this place.
 G = Mean time per level.
                   A        B        C        D        E       F      G
               +--------+--------+--------+--------+--------+-----+--------+
         Total |  23872 |  22426 |   1446 |   1484 |  16293 |  25 |  954.9 |
       Dungeon |  14043 |  13177 |    866 |    708 |   9766 |  15 |  936.2 |
          Lair |   7531 |   7032 |    499 |    449 |   5337 |   6 | 1255.2 |
  Orcish Mines |   1424 |   1343 |     81 |     97 |    860 |   2 |  712.0 |
       Ossuary |    236 |    236 |      0 |      0 |    150 |   1 |  236.0 |
      Gauntlet |    636 |    636 |      0 |    228 |    180 |   1 |  636.0 |
               +--------+--------+--------+--------+--------+-----+--------+

Top non-repeatable levels by time:
  Lair:6: 1958 daAuts
  Lair:3: 1781 daAuts
     D:9: 1574 daAuts
     D:6: 1358 daAuts
     D:3: 1227 daAuts
  Lair:5: 1024 daAuts
  Lair:4: 1003 daAuts
  Lair:1: 999 daAuts
    D:12: 985 daAuts
    D:14: 949 daAuts
     D:4: 915 daAuts
    D:13: 894 daAuts
     D:7: 892 daAuts
     D:1: 889 daAuts
    D:11: 845 daAuts
